AoeStats
← Perro

Arabia

509529516Analyzed
2v2 RM · 6d ago on Sep 27, 2026· 55m 33s· 4 players
Game mode
Random Map
Map size
Medium (4 player)
Population
200
Speed
Normal
Resources
Standard
Victory
Conquest
Starting age
Dark Age
Ending age
Imperial Age
RankedLock teamsTeams togetherTeam positionsShared explorationLock speedFull tech treeHidden civsTurbo modeCheats
Victory
Defeat
🇦🇺 Wu · Australia
827
+15
🇲🇽 Lithuanians · Mexico
735
+19
🇦🇷 Tatars · Argentina
813
-17
🇦🇷 Byzantines · Argentina
810
-17
Mapache
4:29 Loom
11:59 Feudal Age
17:27 Castle Age
16:14 Double-Bit Axe
19:32 Forging
20:03 Horse Collar
24:43 Wheelbarrow
26:15 Husbandry
28:06 Light Cavalry
29:20 Elite Skirmisher
32:02 Scale Barding Armor
34:43 Iron Casting
34:18 Gold Mining
36:36 Chain Barding Armor
36:44 Fletching
38:04 Stone Mining
39:16 Hand Cart
39:43 Thumb Ring
42:07 Squires
43:56 Heavy Plow
46:09 Bodkin Arrow
51:40 Imperial Age
51:43 Cavalier
52:01 Capped Ram
53:07 Conscription
52:15 Pikeman
53:51 Padded Archer Armor
Perro
2:49 Loom
10:59 Feudal Age
11:30 Double-Bit Axe
21:46 Castle Age
21:16 Fletching
21:27 Padded Archer Armor
31:56 Wheelbarrow
31:47 Bodkin Arrow
32:45 Wheelbarrow
49:25 Hand Cart
52:08 Town Watch
it_Solrac
6:17 Loom
9:09 Feudal Age
9:57 Double-Bit Axe
10:10 Horse Collar
13:20 Arson
14:39 Man-at-Arms
17:11 Forging
20:13 Wheelbarrow
23:07 Castle Age
21:20 Fletching
21:26 Gold Mining
21:27 Stone Mining
25:09 Squires
25:12 Bodkin Arrow
25:53 Iron Casting
26:09 Bow Saw
26:00 Heavy Plow
27:49 Scale Mail Armor
29:01 Red Cliffs Tactics
38:53 Hand Cart
47:09 Imperial Age
46:01 Hand Cart
46:26 Gold Shaft Mining
46:27 Stone Shaft Mining
46:04 Scale Barding Armor
47:57 Bracer
47:42 Elite Skirmisher
51:29 Chemistry
50:50 Ballistics
50:27 Murder Holes
53:16 Pikeman
54:13 Treadmill Crane
54:15 Halberdier
ManAlong
4:34 Loom
11:13 Feudal Age
20:48 Castle Age
20:24 Double-Bit Axe
21:51 Bloodlines
22:50 Husbandry
32:20 Pikeman
43:37 Scale Barding Armor
43:32 Scale Mail Armor
54:35 Imperial Age
Connection lost

Rejoining the realm…

Still unreachable

The connection could not be restored.

Session expired

The server has moved on; the page needs a fresh start.